APL (24 & UNDER)
STATE COLLEGE SPIKES @ KENOSHA KINGFISH
09/20/2029
 
TOP OF THE 1ST
State College Spikes batting - Pitching for Kenosha Kingfish : RHP Raúl Cruz
Pitching: RHP Raúl Cruz
Batting: RHB Andrew Pinto 0-0: Fly out, F7 (Flyball, 78S)
Batting: LHB Javier Morales 0-0: Ball
1-0: Ball
2-0: Called Strike
2-1: Ground out 4-3 (Groundball, 4D)
Batting: LHB William Donnelly 0-0: Ball
1-0: Swinging Strike
1-1: Ball
2-1: Ground out 4-3 (Groundball, 4)
Top of the 1st over - 0 runs, 0 hits, 0 errors, 0 left on base; State College 0 - Kenosha 0
BOTTOM OF THE 1ST
Kenosha Kingfish batting - Pitching for State College Spikes : LHP Arnie Green
Pitching: LHP Arnie Green
Batting: LHB Justin McCoy 0-0: Foul Ball, location: 2F
0-1: Ball
1-1: Ball
2-1: Ball
3-1: Called Strike
3-2: Base on Balls
Batting: RHB Millard Ferguson 0-0: Ball
1-0: Ball
2-0: Ball
3-0: Called Strike
3-1: Foul Ball, location: 2F
3-2: Grounds into double play, 6-4-3 (Groundball, 6M)
Batting: LHB Juan Rodríguez 0-0: Called Strike
0-1: Ball
1-1: Fly out, F9 (Flyball, 89M)
Bottom of the 1st over - 0 runs, 0 hits, 0 errors, 0 left on base; State College 0 - Kenosha 0
TOP OF THE 2ND
State College Spikes batting - Pitching for Kenosha Kingfish : RHP Raúl Cruz
Batting: LHB Wilson Turner 0-0: Ground out U3 (Groundball, 3)
Batting: RHB Mike Hurt 0-0: Ball
1-0: Foul Ball, location: 2F
1-1: Ball
2-1: Ball
3-1: SINGLE (Line Drive, 6M)
Batting: RHB Sergio Serrano 0-0: Ball
1-0: Called Strike
1-1: Ball
2-1: Called Strike
2-2: Foul Ball, location: 2F
2-2: Strikes out swinging
Batting: RHB Héctor Villarreal 0-0: Foul Ball, location: 2F
0-1: Ball
1-1: Swinging Strike
1-2: TRIPLE (Flyball, 78XD)
Mike Hurt scores
Batting: RHB Juan Camacho 0-0: Swinging Strike
0-1: Ball
1-1: Ball
2-1: Foul Ball, location: 2F
2-2: Strikes out swinging
Top of the 2nd over - 1 run, 2 hits, 0 errors, 1 left on base; State College 1 - Kenosha 0
BOTTOM OF THE 2ND
Kenosha Kingfish batting - Pitching for State College Spikes : LHP Arnie Green
Batting: LHB Marvin MacGruder 0-0: Swinging Strike
0-1: Ball
1-1: Foul Ball, location: 2F
1-2: Strikes out swinging
Batting: LHB Pat Williams 0-0: Ball
1-0: Ball
2-0: Ground out 4-3 (Groundball, 4)
Batting: RHB Jeff Navarro 0-0: Ball
1-0: Ball
2-0: Foul Ball, location: 2F
2-1: Fly out, F9 (Flyball, 89D)
Bottom of the 2nd over - 0 runs, 0 hits, 0 errors, 0 left on base; State College 1 - Kenosha 0
TOP OF THE 3RD
State College Spikes batting - Pitching for Kenosha Kingfish : RHP Raúl Cruz
Batting: RHB Kululu Kijana 0-0: Ball
1-0: Ground out U3 (Groundball, 34)
Batting: RHB Andrew Pinto 0-0: Ball
1-0: Foul Ball, location: 2F
1-1: Swinging Strike
1-2: Ground out 6-3 (Groundball, 6)
Batting: LHB Javier Morales 0-0: Ball
1-0: Called Strike
1-1: Ball
2-1: Ball
3-1: Foul Ball, location: 2F
3-2: Ground out U3 (Groundball, 3)
Top of the 3rd over - 0 runs, 0 hits, 0 errors, 0 left on base; State College 1 - Kenosha 0
BOTTOM OF THE 3RD
Kenosha Kingfish batting - Pitching for State College Spikes : LHP Arnie Green
Batting: SHB José Ayala 0-0: Foul Ball, location: 2F
0-1: Ball
1-1: Foul Ball, location: 2F
1-2: Ball
2-2: Ground out 4-3 (Groundball, 4)
Batting: LHB Harry Davis 0-0: Called Strike
0-1: Foul Ball, location: 2F
0-2: Ball
1-2: Fly out, F8 (Flyball, 8RS)
Batting: RHB Corey Nichols 0-0: Ball
1-0: Ball
2-0: Called Strike
2-1: Ball
3-1: Ground out 5-3 (Groundball, 56S)
Bottom of the 3rd over - 0 runs, 0 hits, 0 errors, 0 left on base; State College 1 - Kenosha 0
TOP OF THE 4TH
State College Spikes batting - Pitching for Kenosha Kingfish : RHP Raúl Cruz
Batting: LHB William Donnelly 0-0: Ball
1-0: Foul Ball, location: 2F
1-1: Ball
2-1: Ball
3-1: Base on Balls
Batting: LHB Wilson Turner 0-0: Called Strike
0-1: Ball
1-1: Ball
2-1: Fly out, F7 (Flyball, 78S)
Batting: RHB Mike Hurt 0-0: Ball
1-0: Ball
2-0: Called Strike
2-1: Called Strike
2-2: Strikes out looking
Batting: RHB Sergio Serrano 0-0: Ball
1-0: Foul Ball, location: 2F
1-1: Called Strike
1-2: Foul Ball, location: 2F
1-2: Foul Ball, location: 2F
1-2: Ball
2-2: Ball
3-2: Foul Ball, location: 2F
3-2: Strikes out swinging
Top of the 4th over - 0 runs, 0 hits, 0 errors, 1 left on base; State College 1 - Kenosha 0
BOTTOM OF THE 4TH
Kenosha Kingfish batting - Pitching for State College Spikes : LHP Arnie Green
Batting: LHB Justin McCoy 0-0: Ball
1-0: Ball
2-0: Called Strike
2-1: Ball
3-1: Ground out 4-3 (Groundball, 4D)
Batting: RHB Millard Ferguson 0-0: Ball
1-0: Called Strike
1-1: Foul Ball, location: 2F
1-2: Ball
2-2: Foul Ball, location: 2F
2-2: Hit by Pitch
Batting: LHB Juan Rodríguez 0-0: Ball
1-0: Ball
2-0: Fly out, F4 (Popup, 4M)
Batting: LHB Marvin MacGruder 0-0: Ball
1-0: Ball
2-0: Foul Ball, location: 2F
2-1: Ball
3-1: Ground out 4-3 (Groundball, 34)
Bottom of the 4th over - 0 runs, 0 hits, 0 errors, 1 left on base; State College 1 - Kenosha 0
TOP OF THE 5TH
State College Spikes batting - Pitching for Kenosha Kingfish : RHP Raúl Cruz
Batting: RHB Héctor Villarreal 0-0: Ball
1-0: SINGLE (Groundball, 56D)
Batting: RHB Juan Camacho 0-0: Fly out, F1 (Line Drive, 13)
Lined into DP, 1-3 (Line Drive, 13)
Batting: RHB Kululu Kijana 0-0: Ball
1-0: SINGLE (Line Drive, 6M)
Batting: RHB Andrew Pinto 0-0: Fly out, F9 (Line Drive, 9S)
Top of the 5th over - 0 runs, 2 hits, 0 errors, 1 left on base; State College 1 - Kenosha 0
BOTTOM OF THE 5TH
Kenosha Kingfish batting - Pitching for State College Spikes : LHP Arnie Green
Batting: LHB Pat Williams 0-0: Foul Ball, location: 2F
0-1: Swinging Strike
0-2: Ball
1-2: Fly out, F5 (Popup, 15)
Batting: RHB Jeff Navarro 0-0: Called Strike
0-1: Ground out 4-3 (Groundball, 4)
Batting: SHB José Ayala 0-0: Swinging Strike
0-1: Ball
1-1: Called Strike
1-2: Fly out, F8 (Line Drive, 78M)
Bottom of the 5th over - 0 runs, 0 hits, 0 errors, 0 left on base; State College 1 - Kenosha 0
TOP OF THE 6TH
State College Spikes batting - Pitching for Kenosha Kingfish : RHP Raúl Cruz
Batting: LHB Javier Morales 0-0: Called Strike
0-1: Called Strike
0-2: Ball
1-2: Ball
2-2: Strikes out swinging
Batting: LHB William Donnelly 0-0: Swinging Strike
0-1: Foul Ball, location: 2F
0-2: Foul Ball, location: 2F
0-2: Ball
1-2: TRIPLE (Flyball, 8LXD)
Batting: LHB Wilson Turner 0-0: DOUBLE (Groundball, 3L)
William Donnelly scores
Batting: RHB Mike Hurt 0-0: Ball
1-0: Called Strike
1-1: Ball
2-1: Ball
3-1: 2-RUN HOME RUN (Flyball, 7D), Distance : 397 ft
Pitching: RHP Alberto Olivarez
Batting: RHB Sergio Serrano 0-0: Ball
1-0: Fly out, F7 (Flyball, 7LS)
Batting: RHB Héctor Villarreal 0-0: Ball
1-0: Called Strike
1-1: Ball
2-1: Ground out U3 (Groundball, 34)
Top of the 6th over - 3 runs, 3 hits, 0 errors, 0 left on base; State College 4 - Kenosha 0
BOTTOM OF THE 6TH
Kenosha Kingfish batting - Pitching for State College Spikes : LHP Arnie Green
Batting: LHB Harry Davis 0-0: Ball
1-0: Swinging Strike
1-1: Ball
2-1: Fly out, F7 (Flyball, 7S)
Batting: RHB Corey Nichols 0-0: Called Strike
0-1: Ball
1-1: Ball
2-1: Ball
3-1: Ground out 5-3 (Groundball, 56)
Batting: LHB Justin McCoy 0-0: Called Strike
0-1: Called Strike
0-2: Ball
1-2: Fly out, F7 (Flyball, 7)
Bottom of the 6th over - 0 runs, 0 hits, 0 errors, 0 left on base; State College 4 - Kenosha 0
TOP OF THE 7TH
State College Spikes batting - Pitching for Kenosha Kingfish : RHP Alberto Olivarez
Batting: RHB Juan Camacho 0-0: Ball
1-0: Foul Ball, location: 2F
1-1: Ball
2-1: Foul Ball, location: 2F
2-2: Ball
3-2: SINGLE (Line Drive, 4MD)
Batting: RHB Kululu Kijana 0-0: Called Strike
0-1: Ball
1-1: Ground out 5-3 (Groundball, 56S)
Juan Camacho to second
Batting: RHB Andrew Pinto 0-0: Ball
1-0: Called Strike
1-1: Swinging Strike
1-2: Foul Ball, location: 2F
1-2: Strikes out swinging
Batting: LHB Javier Morales 0-0: Foul Ball, location: 2F
0-1: Ground out 3-1 (Groundball, 34)
Top of the 7th over - 0 runs, 1 hit, 0 errors, 1 left on base; State College 4 - Kenosha 0
BOTTOM OF THE 7TH
Kenosha Kingfish batting - Pitching for State College Spikes : LHP Arnie Green
Batting: RHB Millard Ferguson 0-0: Ball
1-0: Ball
2-0: SINGLE (Groundball, 56D)
Batting: LHB Juan Rodríguez 0-0: Called Strike
0-1: Foul Ball, location: 2F
0-2: Ground out U3 (Groundball, 3)
Millard Ferguson to second
Batting: LHB Marvin MacGruder 0-0: Ground out 6-3 (Groundball, 6)
Batting: LHB Pat Williams 0-0: Foul Ball, location: 2F
0-1: Swinging Strike
0-2: Ball
1-2: Foul Ball, location: 2F
1-2: Foul Ball, location: 2F
1-2: Strikes out swinging
Bottom of the 7th over - 0 runs, 1 hit, 0 errors, 1 left on base; State College 4 - Kenosha 0
TOP OF THE 8TH
State College Spikes batting - Pitching for Kenosha Kingfish : RHP Alberto Olivarez
Batting: LHB William Donnelly 0-0: Called Strike
0-1: Foul Ball, location: 2F
0-2: Ball
1-2: Strikes out swinging
Batting: LHB Wilson Turner 0-0: Called Strike
0-1: Foul Ball, location: 2F
0-2: Strikes out swinging
Batting: RHB Mike Hurt 0-0: Ball
1-0: Foul Ball, location: 2F
1-1: Swinging Strike
1-2: Strikes out looking
Top of the 8th over - 0 runs, 0 hits, 0 errors, 0 left on base; State College 4 - Kenosha 0
BOTTOM OF THE 8TH
Kenosha Kingfish batting - Pitching for State College Spikes : LHP Arnie Green
Batting: RHB Jeff Navarro 0-0: Called Strike
0-1: Ball
1-1: Ball
2-1: Foul Ball, location: 2F
2-2: Ball
3-2: Strikes out swinging
Batting: SHB José Ayala 0-0: Called Strike
0-1: Ground out 6-3 (Groundball, 6)
Batting: LHB Harry Davis 0-0: Reached on error, E6 (Groundball, 6)
Batting: RHB Corey Nichols 0-0: Called Strike
0-1: Ball
1-1: Fly out, F6 (Line Drive, 6)
Bottom of the 8th over - 0 runs, 0 hits, 1 error, 1 left on base; State College 4 - Kenosha 0
TOP OF THE 9TH
State College Spikes batting - Pitching for Kenosha Kingfish : RHP Alberto Olivarez
Batting: RHB Sergio Serrano 0-0: Ball
1-0: Called Strike
1-1: Swinging Strike
1-2: Strikes out swinging
Batting: RHB Héctor Villarreal 0-0: Ball
1-0: Called Strike
1-1: Called Strike
1-2: Strikes out looking
Batting: RHB Juan Camacho 0-0: Ball
1-0: Ball
2-0: Called Strike
2-1: Swinging Strike
2-2: Strikes out swinging
Top of the 9th over - 0 runs, 0 hits, 0 errors, 0 left on base; State College 4 - Kenosha 0
BOTTOM OF THE 9TH
Kenosha Kingfish batting - Pitching for State College Spikes : LHP Arnie Green
Pitching: RHP Emílio Fernández
Batting: LHB Justin McCoy 0-0: Ball
1-0: Ball
2-0: Ground out 4-3 (Groundball, 34D)
Batting: RHB Millard Ferguson 0-0: Called Strike
0-1: Called Strike
0-2: Strikes out swinging
Batting: LHB Juan Rodríguez 0-0: Ball
1-0: Ball
2-0: Ball
3-0: Base on Balls
Batting: LHB Marvin MacGruder 0-0: Called Strike
0-1: Ball
1-1: Ball
2-1: Ball
3-1: Fly out, F5 (Popup, 56S)
Bottom of the 9th over - 0 runs, 0 hits, 0 errors, 1 left on base; State College 4 - Kenosha 0
Saturday, December 16th, 2017 - OOTP Baseball 18.8 Build 76